Map: Frost LE

Players

llllllllllll - Winner!

  • Race: Protoss Protoss
  • League: Diamond

Goldenchild

  • Race: Zerg Zerg
  • League: Diamond

VOD

Have the link to the VOD?

Description

Time

  • Played on: July 24, 2016, 6:48 p.m.
  • Length: 18:06
Show
View Real Time Build Order
Export as new Build Order

llllllllllll Protoss - Winner!

Build Orders: 1 Gate Expand 

Get SALT Encoding   

  12  0:01  Probe (Chrono Boost)  
  13  0:11  Probe (Chrono Boost)  
  14  0:22  Probe (Chrono Boost)  
  15  0:34  Pylon  
  15  0:52  Probe (Chrono Boost)  
  15  0:56  Gateway  
  16  1:03  Probe (Chrono Boost)  
  16  1:04  Assimilator  
  17  1:08  Assimilator  
  17  1:13  Probe (Chrono Boost)  
  18  1:24  Probe (Chrono Boost)  
  19  1:34  Probe (Chrono Boost)  
  20  1:44  Nexus  
  20  1:45  Probe (Chrono Boost)  
  21  1:54  Cybernetics Core  
  21  1:57  Probe (Chrono Boost)  
  22  2:06  Pylon  
  22  2:10  Probe (Chrono Boost)  
  23  2:24  Probe (Chrono Boost)  
  24  2:33  Stalker  
  24  2:36  Mothership Core (Chrono Boost)  
  28  2:42  Assimilator  
  28  2:54  Probe (Chrono Boost)  
  28  2:56  Probe (Chrono Boost)  
  30  3:05  Probe (Chrono Boost)  
  31  3:07  Probe (Chrono Boost)  
  32  3:12  Pylon  
  32  3:15  Probe (Chrono Boost)  
  32  3:17  Probe (Chrono Boost)  
  34  3:26  Assimilator, Probe (Chrono Boost)  
  35  3:28  Probe (Chrono Boost)  
  35  3:32  Stargate  
  36  3:34  Stargate  
  36  3:36  Probe (Chrono Boost)  
  37  3:51  Stargate  
  37  3:54  Stargate  
  37  3:55  Stargate  
  37  3:57  Pylon  
  37  4:00  Probe (Chrono Boost)  
  39  4:02  Probe (Chrono Boost)  
  39  4:03  Forge  
  39  4:11  Probe (Chrono Boost)  
  39  4:13  Probe (Chrono Boost)  
  39  4:15  Pylon  
  41  4:18  Pylon  
  41  4:26  Probe (Chrono Boost)  
  42  4:32  Oracle  
  42  4:34  Oracle x2  
  42  4:37  Probe (Chrono Boost)  
  52  4:48  Pylon  
  52  4:52  Photon Cannon  
  54  5:00  Probe (Chrono Boost)  
  54  5:01  Probe (Chrono Boost)  
  54  5:03  Oracle  
  54  5:10  Oracle  
  54  5:13  Probe x2 (Chrono Boost)  
  62  5:14  Photon Cannon  
  62  5:19  Photon Cannon, Oracle  
  65  5:32  Pylon  
  65  5:36  Pylon  
  65  5:37  Oracle  
  65  5:40  Probe x2 (Chrono Boost)  
  70  5:51  Oracle  
  70  5:54  Photon Cannon  
  73  6:00  Oracle  
  73  6:11  Pylon  
  76  6:16  Photon Cannon  
  76  6:19  Oracle  
  76  6:22  Photon Cannon x2  
  76  7:04  Oracle  
  76  7:05  Oracle  
  76  7:09  Oracle  
  76  7:13  Nexus  
  85  7:16  Pylon  
  85  7:18  Photon Cannon  
  85  7:19  Photon Cannon  
  85  7:21  Photon Cannon  
  85  7:29  Photon Cannon  
  85  7:30  Pylon  
  85  7:35  Pylon, Void Ray x2  
  93  7:45  Void Ray  
  97  7:57  Assimilator  
  97  8:01  Assimilator  
  97  8:06  Photon Cannon  
  97  8:12  Void Ray  
  97  8:14  Pylon  
  101  8:36  Void Ray  
  101  8:41  Void Ray  
  109  8:50  Void Ray  
  109  8:52  Probe (Chrono Boost)  
  115  9:03  Probe (Chrono Boost)  
  115  9:13  Void Ray  
  119  9:24  Void Ray  
  119  9:28  Void Ray  
  118  9:50  Void Ray  
  120  10:01  Probe (Chrono Boost)  
  120  10:03  Probe (Chrono Boost)  
  121  10:07  Void Ray  
  121  10:08  Robotics Facility  
  121  10:12  Robotics Facility  
  121  10:13  Probe (Chrono Boost)  
  127  10:15  Probe (Chrono Boost)  
  127  10:26  Probe (Chrono Boost)  
  127  10:27  Probe (Chrono Boost)  
  123  11:07  Nexus  
  123  11:09  Pylon  
  123  11:11  Pylon  
  123  11:13  Assimilator  
  123  11:15  Assimilator  
  102  11:50  Void Ray x2  
  102  11:56  Void Ray  
  114  12:24  Photon Cannon  
  114  12:26  Photon Cannon  
  114  12:27  Void Ray x2  
  114  12:29  Photon Cannon  
  114  12:34  Nexus  
  122  12:38  Void Ray  
  122  12:40  Pylon  
  122  12:42  Pylon  
  127  12:44  Probe (Chrono Boost)  
  127  12:47  Probe (Chrono Boost)  
  128  12:56  Probe (Chrono Boost)  
  130  13:00  Probe (Chrono Boost)  
  130  13:04  Void Ray  
  130  13:06  Robotics Bay  
  130  13:08  Probe (Chrono Boost)  
  130  13:10  Photon Cannon  
  130  13:12  Photon Cannon, Assimilator  
  135  13:15  Photon Cannon  
  136  13:20  Probe (Chrono Boost)  
  136  13:26  Probe (Chrono Boost)  
  141  13:32  Probe (Chrono Boost)  
  142  13:37  Photon Cannon  
  142  13:38  Photon Cannon, Probe (Chrono Boost)  
  143  13:45  Probe (Chrono Boost)  
  144  13:50  Pylon  
  144  13:51  Pylon  
  144  13:55  Colossus x2  
  140  13:57  Probe (Chrono Boost)  
  146  14:27  Probe (Chrono Boost)  
  146  14:29  Probe (Chrono Boost)  
  148  14:34  Extended Thermal Lance  
  148  14:38  Probe (Chrono Boost)  
  149  14:40  Probe (Chrono Boost)  
  152  14:48  Mothership Core (Chrono Boost)  
  152  14:49  Colossus x2  
  152  14:50  Probe (Chrono Boost)  
  162  15:22  Pylon  
  162  15:25  Pylon  
  162  15:37  Pylon  
  162  15:42  Colossus x2  
  162  15:47  Photon Cannon  
  174  15:50  Photon Cannon  
  174  15:51  Photon Cannon  
  174  15:52  Photon Cannon  
  174  15:55  Pylon  
  174  15:57  Photon Cannon  
  174  16:00  Photon Cannon x2  
  153  16:36  Colossus x2  
  153  16:39  Void Ray x2  
  133  16:45  Void Ray  
  137  17:05  Gateway  
Show
View Real Time Build Order
Export as new Build Order

Goldenchild Zerg 

Build Orders: Hatch First 

Get SALT Encoding   

  12  0:00  Drone  
  13  0:13  Overlord  
  13  0:21  Drone  
  14  0:32  Drone x2  
  16  0:37  Drone  
  17  0:55  Hatchery  
  16  0:57  Drone  
  16  1:01  Drone  
  18  1:09  Drone  
  19  1:18  Spawning Pool  
  18  1:23  Drone  
  19  1:31  Drone  
  20  1:40  Drone  
  21  1:50  Overlord  
  21  1:56  Hatchery  
  20  2:06  Queen  
  22  2:10  Queen  
  22  2:15  Zergling x2  
  25  2:17  Drone  
  25  2:21  Drone  
  27  2:23  Drone  
  27  2:27  Drone  
  29  2:30  Drone  
  29  2:36  Drone  
  31  2:42  Drone  
  32  2:45  Drone  
  32  2:50  Queen  
  35  2:58  Overlord  
  35  3:02  Drone  
  36  3:07  Queen  
  36  3:09  Overlord  
  36  3:12  Drone x3  
  41  3:15  Queen  
  41  3:18  Extractor, Drone  
  41  3:19  Drone  
  44  3:25  Drone x3  
  47  3:31  Overlord x2  
  47  3:36  Drone x2  
  47  3:40  Drone  
  50  3:41  Overlord  
  50  3:51  Overlord  
  50  3:56  Extractor  
  50  3:59  Drone  
  50  4:00  Drone x3  
  53  4:05  Drone x2  
  53  4:06  Drone x3  
  53  4:08  Drone  
  53  4:09  Drone x3  
  62  4:12  Drone  
  62  4:13  Evolution Chamber, Drone  
  62  4:14  Extractor  
  62  4:20  Drone  
  63  4:33  Roach Warren  
  63  4:34  Spore Crawler  
  61  4:45  Drone x3  
  63  4:46  Overlord x3, Drone  
  63  4:47  Drone x3  
  63  4:48  Zergling x6  
  63  4:49  Zergling x2  
  63  4:51  Metabolic Boost  
  72  4:59  Zerg Missile Weapons Level 1  
  72  5:01  Zergling x6  
  75  5:07  Extractor  
  75  5:09  Overlord x2  
  75  5:13  Roach x3  
  80  5:14  Roach  
  82  5:24  Extractor  
  82  5:25  Extractor  
  80  5:34  Roach x4  
  88  5:39  Spore Crawler  
  88  5:42  Spore Crawler, Lair  
  86  5:43  Zergling x10  
  86  5:44  Zergling x4  
  93  5:58  Roach x5  
  93  6:02  Drone x4  
  93  6:03  Drone  
  93  6:04  Drone  
  109  6:08  Roach  
  111  6:12  Roach  
  113  6:28  Roach  
  113  6:29  Roach x3  
  113  6:30  Zergling x2  
  113  6:31  Overlord x2  
  120  6:41  Queen  
  120  6:42  Queen  
  120  6:43  Spore Crawler  
  120  6:46  Hydralisk Den  
  105  7:25  Hatchery  
  105  7:26  Overseer  
  105  7:27  Hatchery  
  105  7:28  Spore Crawler  
  102  7:33  Ravager x4  
  102  7:34  Roach x2, Ravager x2  
  102  7:35  Roach  
  102  7:36  Zergling x10  
  102  7:37  Zergling x6  
  121  7:39  Queen  
  121  7:41  Queen  
  126  7:44  Muscular Augments  
  126  7:45  Zerg Missile Weapons Level 2  
  126  7:47  Hydralisk x2  
  130  8:12  Overlord x4  
  130  8:19  Evolution Chamber  
  129  8:22  Hydralisk  
  131  8:40  Hydralisk  
  131  8:41  Hydralisk x5  
  134  8:46  Spore Crawler  
  134  8:47  Queen  
  134  8:48  Spore Crawler  
  142  8:49  Drone x5  
  142  8:50  Drone x3  
  142  8:54  Drone x3  
  153  9:04  Spore Crawler x2  
  151  9:12  Spore Crawler, Drone x6  
  151  9:13  Hydralisk x2  
  151  9:14  Hydralisk  
  148  9:27  Hydralisk x2  
  148  9:28  Hydralisk x2  
  144  9:49  Drone  
  144  9:50  Drone x3  
  135  10:12  Hatchery  
  134  10:17  Hatchery  
  134  10:18  Drone x5  
  138  10:38  Hydralisk x3  
  138  10:39  Hydralisk  
  146  11:04  Hydralisk x4  
  137  11:45  Hydralisk  
  137  11:46  Hydralisk x7  
  84  12:06  Hydralisk x3  
  85  12:18  Zergling x2  
  85  12:19  Zergling x2  
  85  12:25  Hydralisk x2  
  85  12:29  Drone x3  
  91  12:32  Drone  
  91  12:33  Drone  
  93  12:42  Zerg Ground Armor Level 1  
  93  12:49  Infestation Pit  
  93  12:50  Hydralisk x2  
  96  12:52  Hydralisk  
  96  12:57  Drone x2  
  100  13:06  Hydralisk x2  
  100  13:09  Hydralisk  
  106  13:22  Hydralisk x4  
  114  13:28  Hydralisk  
  114  13:33  Hydralisk  
  118  13:36  Hydralisk  
  120  13:44  Hydralisk x2  
  120  13:47  Hydralisk  
  124  13:59  Hydralisk  
  124  14:00  Hydralisk x3  
  84  14:21  Pathogen Glands  
  84  14:29  Hydralisk x6  
  96  14:43  Hydralisk x3  
  102  14:48  Infestor  
  102  14:49  Infestor  
  106  14:58  Infestor  
  106  14:59  Infestor  
  110  15:02  Hydralisk  
  112  15:14  Hydralisk  
  112  15:15  Hydralisk  
  112  15:17  Infestor  
  112  15:19  Drone  
  117  15:32  Hydralisk x3  
  123  15:48  Hatchery  
  122  16:17  Roach x2  
  122  16:18  Roach x3  
  130  16:20  Overlord x2  
  76  16:46  Drone  
  68  16:47  Drone x2  
  68  16:54  Roach x6  
  70  17:00  Hydralisk x2  
Tags
 
Add a new tag
Caveats
  • Supply blocks, unpowered buildings, or Contaminate may cause inaccurate times.
  • Supply counts are checked every 10 seconds.